 Dungeon Crawl Stone Soup version 0.28-a0-704-g4d584c6bc1 (webtiles) character file.

Game seed: 15392894655565090234

105 MacCMillion the Conjurer (level 4, 0/33 HPs)
             Began as a Demigod Conjurer on Oct 24, 2021.
             Slain by Ijyb (6 damage)
             ... on level 3 of the Dungeon.
             The game lasted 00:03:59 (2301 turns).

MacCMillion the Conjurer (Demigod Conjurer)         Turns: 2301, Time: 00:04:00

Health: 0/33       AC:  2    Str:  8    XL:     4   Next: 29%
Magic:  1/9        EV: 12    Int: 24    God:
Gold:   80         SH:  0    Dex: 12    Spells: 4/7 levels left

rFire   . . .      SeeInvis .   h - +0 dagger
rCold   . . .      Faith    .   (no shield)
rNeg    . . .      Spirit   .   a - +0 robe
rPois   .          Reflect  .   (no helmet)
rElec   .          Harm     .   (no cloak)
rCorr   +          Rampage  .   (no gloves)
Will    .....                   (no boots)
Stlth   ++........              (no amulet)
HPRegen 0.11/turn               c - ring of resist corrosion
MPRegen 0.11/turn               (no ring)

@: no status effects
A: high mp 1, forlorn
a: no special abilities


You were on level 3 of the Dungeon.
You visited 1 branch of the dungeon, and saw 3 of its levels.

You collected 80 gold pieces.

Inventory:

Hand Weapons
 h - a +0 dagger (weapon)
 n - a +0 hand axe of freezing
Missiles
 b - 123 stones
Armour
 a - a +0 robe (worn)
Jewellery
 c - a ring of resist corrosion (left hand)
 d - a ring of protection from fire
Scrolls
 f - a scroll of teleportation {unknown}
 g - a scroll of amnesia {unknown}
 i - a scroll of identify {unknown}
 k - a scroll of fear {unknown}
 m - a scroll of enchant weapon {unknown}
Potions
 e - 4 potions of attraction {unknown}
 j - a potion of flight {unknown}
 l - a potion of magic {unknown}


   Skills:
 - Level 2.0 Dodging
 - Level 2.0 Stealth
 - Level 2.0 Spellcasting
 + Level 5.2 Conjurations


You had 4 spell levels left.
You knew the following spells:

 Your Spells              Type           Power      Damage    Failure   Level
a - Magic Dart            Conj           100%       1d8       1%          1
b - Searing Ray           Conj           54%        2d6       1%          2

Your spell library contained the following spells:

 Spells                   Type           Power      Damage    Failure   Level
 Dazzling Flash           Conj/Hex       30%        N/A       12%         3
 Fulminant Prism          Conj/Hex       7%         3d7       38%         4
 Iskenderun's Mystic Bla  Conj/Tloc      15%        2d5       38%         4
 Animate Dead             Necr           1%         N/A       75%         4
 Haunt                    Necr/Summ      1%         N/A       100%        7
 Infestation              Necr           1%         N/A       100%        8


Dungeon Overview and Level Annotations

Branches:
Dungeon (3/15)

Annotations:
D:2 Sigmund
D:3 Ijyb


Innate Abilities, Weirdness & Mutations

Your attributes grow dramatically as you level up.
You have an increased reservoir of magic. (+10% MP)
You shall have no god before yourself.


Message History

Ijyb misses you.
The searing ray hits Ijyb.
Ijyb is severely wounded.
Ijyb hits you with a +0 club.
The searing ray hits Ijyb but does no damage.
Ijyb is severely wounded.
Ijyb closely misses you.
Without enough magic to sustain it, your searing ray dissipates.
Ijyb hits you with a +0 club.
Casting: Searing Ray (safe; 1% risk of failure)
Confirm with . or Enter, or press ? or * to list all spells.
You don't have enough magic to cast this spell.
Unknown command.
Casting: Searing Ray (safe; 1% risk of failure)
Confirm with . or Enter, or press ? or * to list all spells.
You don't have enough magic to cast this spell.
You closely miss Ijyb.
Ijyb is severely wounded.
Ijyb hits you with a +0 club.
You hit Ijyb but do no damage.
Ijyb is severely wounded.
Ijyb hits you with a +0 club.
Casting: Searing Ray (safe; 1% risk of failure)
Confirm with . or Enter, or press ? or * to list all spells.
You don't have enough magic to cast this spell.
You closely miss Ijyb.
Ijyb is severely wounded.
Ijyb hits you with a +0 club.
* * * LOW HITPOINT WARNING * * *
You hit Ijyb but do no damage.
Ijyb is severely wounded.
Ijyb closely misses you.
You hit Ijyb but do no damage.
Ijyb is severely wounded.
Ijyb hits you with a +0 club.
* * * LOW HITPOINT WARNING * * *
You barely miss Ijyb.
Ijyb is severely wounded.
Ijyb hits you with a +0 club.
You die...

#.......<# #.#
#########
#........# #.#
..........#
#.#
..###.#.#.#
#.# ..
...#.#.#
######.#
#.###.#..
#......# #.
#.###.#.######
# .. #.#.#
#..@#
#...g....#
#..........
............
.##..........
# #..........
...........
##..........


You could see Ijyb.

Vanquished Creatures
  An orc priest (D:2)
  3 adders (D:2)
  2 worms
  A dart slug (D:2)
  5 orcs (D:2)
  5 endoplasms
  2 goblins (D:2)
  A hobgoblin (D:2)
  7 ball pythons
  2 bats
  2 frilled lizards (D:1)
  2 kobolds (D:1)
  7 rats
40 creatures vanquished.

Notes
Turn   | Place    | Note
-------+----------+-------------------------------------------
     0 | D:1      | MacCMillion the Demigod Conjurer began the quest for the
                  | Orb.
     0 | D:1      | Reached XP level 1. HP: 14/14 MP: 5/5
   683 | D:2      | Reached XP level 2. HP: 20/20 MP: 5/7
   711 | D:2      | Learned a level 2 spell: Searing Ray
   714 | D:2      | Reached skill level 4 in Conjurations
  1200 | D:2      | Reached XP level 3. HP: 26/26 MP: 2/8
  1469 | D:2      | Reached skill level 5 in Conjurations
  1686 | D:2      | Reached XP level 4. HP: 33/33 MP: 5/9
  2013 | D:2      | Noticed Sigmund
  2287 | D:3      | Noticed Ijyb
  2301 | D:3      | Slain by Ijyb

Illustrated notes

Levels and vault maps discovered:
D:1:      minmay_arrival_shattered_statue, layout_basic,
          dreamdust_ecumenical_altar_angels_and_demons
D:2:      cheibrodos_pilgrimage, layout_basic, serial_glass, glass_columns_a,
          glass_columns_a, grunt_decor_one_mirror, kennysheep_nondescript,
          minmay_tromino_v4_a, uniq_sigmund
D:3:      layout_basic, mainiacjoe_overflow_brackets, uniq_ijyb, uniq_grinder

Skill      XL: |  1  2  3 |
---------------+----------+-----
Dodging        | 2 |  2.0
Conjurations   | 4 5 |  5.2
Stealth        | 2 |  2.0
Spellcasting   | 2 |  2.0

Action                   |  1- 3 |  4- 6 || total
-------------------------+-------+-------++-------
Melee: Unarmed           |     5 |       ||     5
       Dagger            |       |     9 ||     9
 Cast: Magic Dart        |    43 |    20 ||    63
       Searing Ray       |     3 |     2 ||     5
Armor: Robe              |       |     2 ||     2
Dodge: Dodged            |    10 |     3 ||    13

Table legend: (Time is in decaauts)
 A = Elapsed time spent in this place.
 B = Non-inter-level travel time spent in this place.
 C = Inter-level travel time spent in this place.
 D = Time resting spent in this place.
 E = Time spent auto-exploring this place.
 F = Levels seen in this place.
 G = Mean time per level.
                   A        B        C        D        E       F      G
               +--------+--------+--------+--------+--------+-----+--------+
         Total |   2300 |   2279 |     21 |    529 |   1492 |   3 |  766.7 |
       Dungeon |   2300 |   2279 |     21 |    529 |   1492 |   3 |  766.7 |
               +--------+--------+--------+--------+--------+-----+--------+

Top non-repeatable levels by time:
     D:2: 1427 daAuts
     D:1: 741 daAuts
     D:3: 131 daAuts
